 Dungeon Crawl Stone Soup version 0.27-a0-607-g1ad3dbde53 (webtiles) character file.

Game seed: 5760844315511851422

23066 Johnny the Fighter (level 12, -8/80 HPs)
             Began as a Deep Elf Earth Elementalist on Mar 13, 2021.
             Was a High Priest of Okawaru.
             Mangled by a six-headed hydra (11 damage)
             ... on level 12 of the Dungeon.
             The game lasted 00:28:05 (21429 turns).

Johnny the Fighter (Deep Elf Earth Elementalist)   Turns: 21429, Time: 00:28:06

Health: -8/80      AC: 11    Str:  5    XL:     12   Next: 68%
Magic:  20/38      EV: 11    Int: 23    God:    Okawaru [*****.]
Gold:   134        SH:  6    Dex: 15    Spells: 21/34 levels left

rFire    + + +     SeeInvis +   I - +3 dagger (elec)
rCold    . . .     Faith    .   x - +0 buckler
rNeg     + . .     Spirit   .   f - +0 troll leather armour
rPois    .         Reflect  .   U - +2 helmet "Etoanguz" {rF+++ Int-3}
rElec    +         Harm     .   t - +0 cloak
rCorr    .         Rampage  .   (no gloves)
Will     ++...                  s - +2 pair of boots
Stlth    ++........             (no amulet)
HPRegen  1.23/turn              g - ring of magical power
MPRegen  0.26/turn              C - ring of the Harvest {rElec rN+ Will+ SInv}

@: no status effects
A: no striking features
a: Renounce Religion, Heroism, Finesse


You were on level 12 of the Dungeon.
You worshipped Okawaru.
Okawaru was extremely pleased with you.
You visited 3 branches of the dungeon, and saw 15 of its levels.

You collected 1352 gold pieces.
You spent 1218 gold pieces at shops.

Inventory:

Hand Weapons
 b - a +0 dagger of protection
 n - a +1 dagger of draining
 I - a +3 dagger of electrocution (weapon)
Missiles
 h - 53 stones
Armour
 f - a +0 troll leather armour (worn)
 s - a +2 pair of boots (worn)
 t - a +0 cloak (worn)
 x - a +0 buckler (worn)
 T - a +2 robe of cold resistance
 U - the +2 helmet "Etoanguz" (worn) {rF+++ Int-3}
   (You found it on level 11 of the Dungeon)

   It affects your intelligence (-3).
   It renders you almost immune to fire.
 V - a +3 leather armour of positive energy
Jewellery
 c - a ring of resist corrosion
 g - a ring of magical power (right hand)
 C - the ring of the Harvest (left hand) {rElec rN+ Will+ SInv}
   (You found it on level 5 of the Dungeon)

   [ring of willpower]

   It insulates you from electricity.
   It protects you from negative energy.
   It affects your willpower, your defense against some magical effects.
   It lets you see invisible.
 G - a +4 ring of slaying
 H - a ring of flight
 O - a ring of protection from fire
Wands
 w - a wand of digging (11)
 D - a wand of random effects (1)
 E - a wand of flame (3)
Scrolls
 a - 2 scrolls of fog
 d - 8 scrolls of magic mapping
 e - 8 scrolls of teleportation
 i - a scroll of identify
 l - 2 scrolls of amnesia
 q - 4 scrolls of blinking
 u - a scroll of holy word
 y - a scroll of random uselessness
 A - 3 scrolls of immolation
 B - 5 scrolls of fear
 F - 2 scrolls of summoning
 P - a scroll of enchant armour
Potions
 j - 2 potions of attraction
 k - a potion of heal wounds
 m - 3 potions of might
 o - a potion of flight
 p - 6 potions of curing
 r - a potion of magic
 v - 2 potions of cancellation
 z - 2 potions of haste
 J - a potion of brilliance
 K - 2 potions of degeneration
 M - a potion of invisibility
 R - a potion of mutation


   Skills:
 * Level 11.6 Fighting
 - Level 2.4 Dodging
 - Level 3.7 Stealth
 + Level 7.9 Shields
 + Level 11.5 Spellcasting
 - Level 1.1 Transmutations
 + Level 11.4 Earth Magic


You had 21 spell levels left.
You knew the following spells:

 Your Spells              Type           Power      Damage    Failure   Level
a - Sandblast             Erth           100%       2d20      1%          1
b - Stone Arrow           Conj/Erth      78%        3d11      2%          3
c - Lee's Rapid Deconstr  Erth           30%        3d17*     1%          5
d - Petrify               Tmut/Erth      42%        N/A       6%          4

Your spell library contained the following spells:

 Spells                   Type           Power      Damage    Failure   Level
 Passwall                 Tmut/Erth      35%        N/A       1%          2
 Beastly Appendage        Tmut           36%        N/A       5%          1
 Wereblood                Tmut           18%        N/A       8%          2
 Apportation              Tloc           26%        N/A       9%          1
 Magic Dart               Conj           52%        1d5       9%          1
 Searing Ray              Conj           26%        3d4       12%         2
 Spider Form              Tmut/Pois      7%         N/A       19%         3
 Confusing Touch          Hex            13%        N/A       24%         3
 Dazzling Flash           Conj/Hex       26%        N/A       24%         3
 Gell's Gravitas          Tloc           6%         N/A       24%         3
 Lesser Beckoning         Tloc           6%         N/A       24%         3
 Tukima's Dance           Hex            13%        N/A       24%         3
 Ice Form                 Ice/Tmut       15%        N/A       54%         4
 Fulminant Prism          Conj/Hex       6%         3d7       63%         4
 Iskenderun's Mystic Bla  Conj/Tloc      13%        2d5       63%         4
 Statue Form              Tmut/Erth      28%        N/A       67%         6
 Blade Hands              Tmut           9%         N/A       82%         5
 Alistair's Intoxication  Tmut/Pois      10%        N/A       87%         5
 Irradiate                Conj/Tmut      7%         3d16      87%         5
 Yara's Violent Unravell  Hex/Tmut       7%         3d5       87%         5
 Metabolic Englaciation   Hex/Ice        6%         N/A       92%         5
 Hydra Form               Tmut           9%         N/A       100%        6
 Invisibility             Hex            13%        N/A       100%        6
 Dragon Form              Tmut           9%         N/A       100%        7


Dungeon Overview and Level Annotations

Branches:
Dungeon (12/15)            Temple (1/1) D:4            Lair (0/6) D:10
    Orc (2/2) D:11            Elf (0/3) Orc:2

Altars:
Ashenzari
Cheibriados
Dithmenos
Elyvilon
Fedhas
Gozag
Hepliaklqana
Kikubaaqudgha
Makhleb
Nemelex Xobeh
Okawaru
Qazlal
Ru
Sif Muna
Trog
Uskayaw
Vehumet
Wu Jian
Xom
Yredelemnul
Zin
The Shining One
Beogh

Shops:
D:5 ?   D:9 (   Orc:2 (?(?(

Portals:
Trove: D:10 (give 7 potions of haste)


Message History

Confirm with . or Enter, or press ? or * to list all spells.
Aiming: Stone Arrow (mildly dangerous; 2% risk of failure)
Press: ? - help, Shift-Dir - straight line, f/p - ice beast
Aim: an ice beast (heavily wounded, 26% to evade)
The stone arrow hits the ice beast!
The ice beast is almost dead.
Casting: Stone Arrow (mildly dangerous; 2% risk of failure)
Confirm with . or Enter, or press ? or * to list all spells.
Aiming: Lee's Rapid Deconstruction (dangerous; 1% risk of failure)
Press: ? - help, Dir - move target, f/p - ice beast Fragment what (e.g. wall or brittle monster)?: an ice beast (almost dead)
The ice beast shatters!!
You blow up the ice beast!
Okawaru accepts your kill.
The icy blast hits the six-headed hydra!!
The six-headed hydra is moderately wounded.
You hear a shout!
The six-headed hydra bites you. The six-headed hydra barely misses you.
The six-headed hydra bites you! x3
The six-headed hydra bites you but does no damage.
Unknown command.
Unknown command.
Casting: Lee's Rapid Deconstruction (dangerous; 1% risk of failure)
Confirm with . or Enter, or press ? or * to list all spells.
Aiming: Lee's Rapid Deconstruction (dangerous; 1% risk of failure)
Press: ? - help, Dir - move target A rock wall.
The wall shatters!
The blast of rock fragments hits the six-headed hydra!!!
The six-headed hydra is almost dead.
The six-headed hydra bites you!
You block the six-headed hydra's attack.
The six-headed hydra bites you!
* * * LOW HITPOINT WARNING * * *
The six-headed hydra bites you.
* * * LOW HITPOINT WARNING * * *
The six-headed hydra bites you!
* * * LOW HITPOINT WARNING * * *
The six-headed hydra bites you!
You die...

##.....##
##...## ##'##
#.# #.# ##.##
##...##########
#..............
##....#@###.##
##.#.#D#
.....#.#
#####(... #####


You could see a six-headed hydra.

Vanquished Creatures
  An orc warlord (Orc:2)
  A hydra (D:8)
  2 two-headed ogres
  4 orc high priests
  4 orc knights
  3 orc sorcerers (Orc:2)
  2 ugly things
  A cyclops (D:11)
  A manticore (D:10)
  5 trolls
  A redback (D:10)
  A wyvern (D:10)
  A steam dragon (D:11)
  Menkaure (D:6)
  6 wargs
  26 orc warriors
  2 ice beasts
  4 sky beasts
  4 black bears
  2 necrophages
  4 wolves
  17 ogres
  3 centaurs
  3 phantoms
  4 kobold brigands
  4 bullfrogs
  5 scorpions
  16 killer bees
  16 wights
  4 howler monkeys
  5 electric eels
  2 centaur zombies
  4 jellies
  19 orc priests
  10 hounds
  2 bullfrog skeletons
  A centaur skeleton (D:7)
  7 iguanas
  27 orc wizards
  4 worker ants
  A killer bee zombie (D:8)
  A hound zombie (D:11)
  A worker ant zombie (D:10)
  A howler monkey skeleton (D:7)
  9 adders
  10 gnolls
  A river rat (D:7)
  3 shadow imps
  4 white imps
  An ufetubus (D:9)
  An ooze (D:2)
  2 adder skeletons
  An adder zombie (D:8)
  3 dart slugs
  5 leopard geckos
  99 orcs
  3 ball pythons
  8 bats
  3 giant cockroaches
  9 goblins
  6 hobgoblins
  12 jackals
  A quokka (D:8)
  6 frilled lizards
  A jackal skeleton (D:6)
  A jackal zombie (D:6)
  23 kobolds
  8 rats
453 creatures vanquished.

Vanquished Creatures (collateral kills)
  An orc warrior (Orc:2)
  An ogre (Orc:1)
  An orc (Orc:1)
3 creatures vanquished.

Vanquished Creatures (others)
  An orc warrior (Orc:2)
  2 orc priests (Orc:2)
  2 orc wizards (Orc:2)
  A jackal (D:11)
  2 plants (D:8)
8 creatures vanquished.

Grand Total: 464 creatures vanquished

Notes
Turn   | Place    | Note
-------+----------+-------------------------------------------
     0 | D:1      | Johnny the Deep Elf Earth Elementalist began the quest for
                  | the Orb.
     0 | D:1      | Reached XP level 1. HP: 10/10 MP: 6/6
   156 | D:1      | Reached XP level 2. HP: 16/16 MP: 6/8
  1136 | D:2      | Reached skill level 1 in Fighting
  1333 | D:2      | Reached XP level 3. HP: 17/20 MP: 10/10
  2336 | D:2      | Found a white marble altar of Elyvilon.
  2356 | D:2      | Learned a level 3 spell: Stone Arrow
  3073 | D:2      | Reached XP level 4. HP: 25/25 MP: 11/11
  3232 | D:3      | Found a broken altar of Ashenzari.
  4298 | D:4      | Reached XP level 5. HP: 25/31 MP: 12/12
  4390 | D:4      | Noticed an ogre
  4395 | D:4      | Killed an ogre
  4487 | D:4      | Found a staircase to the Ecumenical Temple.
  4507 | Temple   | Entered the Ecumenical Temple
  4864 | D:4      | Reached XP level 6. HP: 35/37 MP: 13/13
  4890 | D:4      | Reached skill level 5 in Earth Magic
  5377 | D:5      | Entered Level 5 of the Dungeon
  5470 | D:5      | Found a snail-covered altar of Cheibriados.
  5559 | D:5      | Reached skill level 1 in Shields
  5580 | D:5      | Found a basalt altar of Yredelemnul.
  5666 | D:5      | Found Tinaguw's Magic Scroll Boutique.
  5673 | D:5      | Bought a scroll of teleportation for 30 gold pieces
  5673 | D:5      | Bought a scroll of fog for 20 gold pieces
  5673 | D:5      | Bought 3 scrolls of fear for 105 gold pieces
  5742 | D:5      | Identified the ring of the Harvest {rElec rN+ Will+ SInv}
  6139 | D:6      | Reached XP level 7. HP: 43/43 MP: 14/14
  6402 | D:6      | Noticed Menkaure
  6411 | D:6      | Killed Menkaure
  6590 | D:6      | Learned a level 5 spell: Lee's Rapid Deconstruction
  6595 | D:6      | Learned a level 4 spell: Petrify
  6680 | D:6      | Reached skill level 5 in Fighting
  6933 | D:6      | Reached XP level 8. HP: 48/49 MP: 15/15
  8112 | D:7      | Found an iron altar of Okawaru.
  8214 | D:7      | Reached XP level 9. HP: 55/56 MP: 18/18
  8237 | D:7      | Became a worshipper of Warmaster Okawaru
  8584 | D:7      | Found a runed translucent door.
  8585 | D:7      | Noticed Crazy Yiuf
  9059 | D:7      | Noticed Crazy Yiuf
  9059 | D:7      | Crazy Yiuf changed into Crazy Yiuf the river rat
  9060 | D:7      | Killed Crazy Yiuf the river rat
  9246 | D:8      | Found a sacrificial altar of Ru.
  9284 | D:8      | Reached skill level 5 in Spellcasting
  9440 | D:8      | Noticed an eight-headed hydra
  9575 | D:8      | Killed an eight-headed hydra
  9575 | D:8      | Reached * piety under Okawaru
  9660 | D:8      | Noticed a two-headed ogre
  9665 | D:8      | Killed a two-headed ogre
  9665 | D:8      | Reached ** piety under Okawaru
  9666 | D:8      | Reached skill level 5 in Shields
  9779 | D:8      | Reached XP level 10. HP: 57/64 MP: 22/22
 10492 | D:8      | Found a blossoming altar of Fedhas.
 10492 | D:8      | Found a burning altar of Makhleb.
 11166 | D:9      | Found a bloodstained altar of Trog.
 11178 | D:9      | Reached *** piety under Okawaru
 11536 | D:9      | Found a hazy altar of Hepliaklqana.
 11541 | D:9      | Found a shadowy altar of Dithmenos.
 11697 | D:9      | Noticed a brown ugly thing
 11717 | D:9      | Killed a brown ugly thing
 12228 | D:9      | Found Xaole's Weapon Shop.
 12232 | D:9      | Bought 22 stones for 33 gold pieces
 12383 | D:9      | Reached **** piety under Okawaru
 12704 | D:10     | Entered Level 10 of the Dungeon
 12803 | D:10     | Noticed a two-headed ogre
 12810 | D:10     | Killed a two-headed ogre
 12943 | D:10     | Identified the +7 hand crossbow of Zaosseib {vorpal, Str+2
                  | Dex+2}
 12992 | D:10     | Reached ***** piety under Okawaru
 13050 | D:10     | Reached XP level 11. HP: 57/71 MP: 25/25
 13164 | D:10     | Found a staircase to the Lair.
 13290 | D:10     | Received a gift from Okawaru
 13419 | D:10     | Noticed Fannar
 13914 | D:10     | Found a portal to a secret trove of treasure.
 14076 | D:10     | Noticed Fannar
 14076 | D:10     | Fannar changed into Fannar the redback
 14080 | D:10     | Killed Fannar the redback
 14875 | D:11     | Received a gift from Okawaru
 15020 | D:11     | Identified the +2 helmet "Etoanguz" {rF+++ Int-3}
 15193 | D:11     | Reached skill level 10 in Fighting
 15193 | D:11     | Reached skill level 10 in Earth Magic
 16032 | D:11     | Received a gift from Okawaru
 16151 | D:11     | Found a staircase to the Orcish Mines.
 16223 | Orc:1    | Entered Level 1 of the Orcish Mines
 16830 | Orc:1    | Noticed an orc high priest
 16838 | Orc:1    | Killed an orc high priest
 16839 | Orc:1    | Reached skill level 10 in Spellcasting
 17523 | Orc:1    | You fall into a shaft and drop 1 floor!
 17523 | Orc:2    | Entered Level 2 of the Orcish Mines
 17535 | Orc:2    | Noticed an orc knight
 17550 | Orc:2    | Killed an orc knight
 17778 | Orc:2    | Noticed an orc high priest
 18309 | Orc:2    | Reached XP level 12. HP: 71/79 MP: 25/28
 18360 | Orc:2    | Found a staircase to the Elven Halls.
 18498 | Orc:2    | Found Ugoism's Weapon Emporium.
 18507 | Orc:2    | Bought 22 stones for 33 gold pieces
 18507 | Orc:2    | Bought 20 stones for 30 gold pieces
 18981 | Orc:2    | Noticed an orc warlord
 19756 | Orc:2    | Killed an orc warlord
 20236 | Orc:2    | Received a gift from Okawaru
 20446 | Orc:2    | Noticed an orc high priest
 20450 | Orc:2    | Killed an orc high priest
 20450 | Orc:2    | Noticed an orc high priest
 20793 | Orc:2    | Killed an orc high priest
 21049 | Orc:2    | Killed an orc high priest
 21049 | Orc:2    | Received a gift from Okawaru
 21050 | Orc:2    | Found Bualan's Magic Scroll Emporium.
 21050 | Orc:2    | Found Puvvuy Goyt's Weapon Boutique.
 21159 | Orc:2    | Found Viurefa's Magic Scroll Emporium.
 21159 | Orc:2    | Found Xyen's Weapon Boutique.
 21165 | Orc:2    | Bought a scroll of identify for 28 gold pieces
 21165 | Orc:2    | Bought a scroll of blinking for 105 gold pieces
 21165 | Orc:2    | Bought a scroll of holy word for 105 gold pieces
 21165 | Orc:2    | Bought a scroll of magic mapping for 49 gold pieces
 21165 | Orc:2    | Bought a scroll of teleportation for 42 gold pieces
 21165 | Orc:2    | Bought a scroll of fear for 49 gold pieces
 21165 | Orc:2    | Bought a scroll of teleportation for 42 gold pieces
 21171 | Orc:2    | Bought 19 stones for 22 gold pieces
 21174 | Orc:2    | Bought a scroll of summoning for 133 gold pieces
 21174 | Orc:2    | Bought a scroll of identify for 28 gold pieces
 21174 | Orc:2    | Bought a scroll of identify for 28 gold pieces
 21174 | Orc:2    | Bought a scroll of identify for 28 gold pieces
 21174 | Orc:2    | Bought a scroll of summoning for 133 gold pieces
 21174 | Orc:2    | Bought a scroll of identify for 28 gold pieces
 21174 | Orc:2    | Bought a scroll of magic mapping for 49 gold pieces
 21174 | Orc:2    | Bought a scroll of teleportation for 42 gold pieces
 21174 | Orc:2    | Bought a scroll of identify for 28 gold pieces
 21174 | Orc:2    | Bought a scroll of identify for 28 gold pieces
 21175 | Orc:2    | Identified a scroll of acquirement
 21182 | Orc:2    | Acquired a +4 ring of slaying
 21345 | D:12     | Found a snail-covered altar of Cheibriados.
 21425 | D:12     | Noticed a six-headed hydra
 21429 | D:12     | HP: 3/80 [six-headed hydra (7)]
 21429 | D:12     | Mangled by a six-headed hydra

Illustrated notes

Levels and vault maps discovered:
D:1:      eino_arrival_druids_welcome, layout_basic, minivault_19
D:2:      layout_basic, elyvilon_altar_3, minmay_pentomino_s4
D:3:      layout_loops_ring, old_standard_altar
D:4:      layout_loops_corners, temple_fountains
D:5:      layout_rooms, lemuel_doored_altar, basic_altar, serial_shops,
          nicolae_shop_trees
D:6:      layout_basic, uniq_menkaure
D:7:      layout_loops_ring, lemuel_round_altar, uniq_crazy_yiuf_cottage
D:8:      layout_basic, nicolae_overflow_crystal_walls,
          gammafunk_temple_overflow_statue, serial_bayou_pond_b
D:9:      cheibrodos_barr_body, layout_long_grid,
          riverfiend_overflow_shadow_ancestor, trog_ov_bears_minmay,
          serial_shops, shop, chequers_serial_rivers_room_a
D:10:     layout_basic, erik_lair_island, enter_trove_6, uniq_fannar
D:11:     layout_roguey, erik_orc_2, bh_walls_and_bars
D:12:     layout_loops_corners, basic_altar, water_boxes_lemuel
Temple:   nicolae_temple_x_marks_the_god
Orc:1:    layout_caves
Orc:2:    grunt_orc_tribal_feast, layout_caves, serial_shops,
          nicolae_shop_behind_doors, mines2_david

Skill      XL: |  1  2  3  4  5  6  7  8  9 10 11 12 |
---------------+-------------------------------------+-----
Stealth        | 3 |  3.7
Fighting       | 1 2 3 4 5 6 8 9 10 11 | 11.6
Earth Magic    | 4 5 6 7 8 9 10 11 | 11.4
Shields        | 1 2 3 5 6 7 |  7.9
Spellcasting   | 4 6 8 10 11 | 11.5
Dodging        | |  2.4
Transmutations | |  1.1

Action                   |  1- 3 |  4- 6 |  7- 9 | 10-12 || total
-------------------------+-------+-------+-------+-------++-------
Melee: Unarmed           |    26 |       |       |       ||    26
       Quarterstaff      |    70 |       |       |       ||    70
       Dagger            |    12 |    77 |    65 |    94 ||   248
 Cast: Sandblast         |    34 |    46 |    93 |   109 ||   282
       Stone Arrow       |       |       |    33 |   284 ||   317
       Lee's Rapid Decon |       |       |     5 |    92 ||    97
       Petrify           |       |       |       |    47 ||    47
Invok: Heroism           |       |       |       |     1 ||     1
Evoke: Wand              |       |       |     4 |    52 ||    56
  Use: Scroll            |       |       |     9 |    15 ||    24
       Potion            |       |       |     1 |     2 ||     3
 Stab: Sleeping          |     6 |     5 |     1 |     2 ||    14
       Paralysed         |       |       |       |     3 ||     3
       Petrified         |       |       |       |     3 ||     3
       Petrifying        |       |       |       |     1 ||     1
       Invisible         |       |       |       |     1 ||     1
Armor: Robe              |    37 |    23 |    25 |    55 ||   140
       Troll leather arm |       |       |       |    15 ||    15
Dodge: Dodged            |    97 |    52 |    73 |   164 ||   386
Block: Buckler           |       |       |    14 |    67 ||    81

Table legend: (Time is in decaauts)
 A = Elapsed time spent in this place.
 B = Non-inter-level travel time spent in this place.
 C = Inter-level travel time spent in this place.
 D = Time resting spent in this place.
 E = Time spent auto-exploring this place.
 F = Levels seen in this place.
 G = Mean time per level.
                   A        B        C        D        E       F      G
               +--------+--------+--------+--------+--------+-----+--------+
         Total |  21467 |  20843 |    624 |   6754 |  11070 |  15 | 1431.1 |
       Dungeon |  16539 |  16008 |    531 |   4322 |   9629 |  12 | 1378.2 |
        Temple |    128 |    121 |      7 |      0 |    120 |   1 |  128.0 |
  Orcish Mines |   4799 |   4713 |     86 |   2432 |   1321 |   2 | 2399.5 |
               +--------+--------+--------+--------+--------+-----+--------+

Top non-repeatable levels by time:
   Orc:2: 2899 daAuts
     D:2: 2097 daAuts
    D:11: 2070 daAuts
   Orc:1: 1899 daAuts
     D:9: 1831 daAuts
    D:10: 1784 daAuts
     D:8: 1680 daAuts
     D:7: 1676 daAuts
     D:6: 1273 daAuts
     D:4: 1125 daAuts
     D:1: 1109 daAuts
     D:3: 935 daAuts
     D:5: 868 daAuts
  Temple: 128 daAuts
    D:12: 83 daAuts
